 Dungeon Crawl Stone Soup version 0.30.1-9-gdf580d7c3d (webtiles) character file.

Game seed: 14269630890701725780

2190160 SuperSeabass the Slayer (level 27, 161/161 HPs)
             Began as a Vine Stalker Air Elementalist on Oct 2, 2023.
             Was the Champion of Wu Jian.
             Escaped with the Orb
             ... and 4 runes on Oct 4, 2023!
             The game lasted 11:01:32 (76700 turns).

SuperSeabass the Slayer (VSAE)                     Turns: 76700, Time: 11:01:32

Health: 161/161    AC: 26    Str: 23    XL:     27
Magic:  40/40      EV: 25    Int: 22    God:    Wu Jian [******]
Gold:   5255       SH: 25    Dex: 27    Spells: 0/50 levels left

rFire   + + +        a - +9 dagger (speed)
rCold   + + .        I - +4 kite shield {rC+ rF+}
rNeg    + . .        t - +6 acid dragon scales
rPois   +            c - +2 helmet
rElec   +            W - +1 cloak {Will+}
rCorr   +            q - +1 pair of gloves "Humoeffo" {Dex+5}
SInv    .            s - +2 pair of boots
Will    ++++.        m - amulet of reflection
Stlth   ++           P - ring "Terral" {Fly rPois rF+ rN+}
HPRegen 1.26/turn    E - ring of the Scavenger {rElec rC+ Int+3 Dex+7}
MPRegen 0.27/turn

%: reflection, guardian spirit
@: mighty, flying, studying Ranged Weapons
A: fangs 3, regeneration 1, magic shield, antimagic bite, no potion heal 2,
iridescent scales 1, clever 1, deformed body, fire resistance 1, evolution 1
0: Orb of Zot
}: 4/15 runes: decaying, serpentine, slimy, silver
a: Renounce Religion, Wall Jump, Serpent's Lash, Heavenly Storm


You escaped.
You worshipped Wu Jian.
Wu Jian was exalted by your worship.
You visited 11 branches of the dungeon, and saw 55 of its levels.
You also visited: Wizlab.

You collected 9946 gold pieces.
You spent 4691 gold pieces at shops.

Inventory:

Hand Weapons
 a - a +9 dagger of speed (weapon)
 b - a +8 rapier of speed
Missiles
 k - 6 throwing nets
 U - 16 curare-tipped darts
Armour
 c - a +2 helmet (worn)
 q - the +1 pair of gloves "Humoeffo" (worn) {Dex+5}
   (You found it on level 3 of the Elven Halls)

   Dex:       It affects your dexterity (+5).
 s - a +2 pair of boots (worn)
 t - +6 acid dragon scales (worn)
 I - a +4 kite shield of resistance (worn)
 W - a +1 cloak of willpower (worn)
Jewellery
 m - an amulet of reflection (around neck)
 E - the ring of the Scavenger (right hand) {rElec rC+ Int+3 Dex+7}
   (You bought it in a shop on level 1 of the Depths)

   [ring of protection from cold]

   Int:       It affects your intelligence (+3).
   Dex:       It affects your dexterity (+7).
   rC:        It protects you from cold.
   rElec:     It insulates you from electricity.
 K - a +4 ring of slaying
 N - a ring of positive energy
 P - the ring "Terral" (left hand) {Fly rPois rF+ rN+}
   (You bought it in a shop on level 1 of the Depths)

   [ring of protection from fire]

   rF:        It protects you from fire.
   rPois:     It protects you from poison.
   rN:        It protects you from negative energy.
   Fly:       It grants you flight.
 V - a ring of see invisible
Wands
 d - a wand of digging (6)
 f - a wand of flame (125)
 i - a wand of iceblast (31)
 p - a wand of polymorph (28)
 r - a wand of acid (30)
 z - a wand of paralysis (44)
Scrolls
 j - 2 scrolls of fog
 l - 9 scrolls of vulnerability
 u - 5 scrolls of silence
 v - 22 scrolls of teleportation
 w - 3 scrolls of fear
 C - 8 scrolls of immolation
 Q - 7 scrolls of amnesia
 S - a scroll of blinking
 T - 19 scrolls of poison
 Y - 4 scrolls of summoning
Potions
 e - 2 potions of magic
 g - 11 potions of curing
 h - 14 potions of flight
 n - 3 potions of invisibility
 o - 11 potions of lignification
 x - 7 potions of resistance
 A - 11 potions of attraction
 B - 7 potions of ambrosia
 D - 10 potions of berserk rage
 F - 5 potions of brilliance
 H - 2 potions of haste
 L - 6 potions of might
 X - 4 potions of cancellation
 Z - 24 potions of mutation
Miscellaneous
 G - a condenser vane
 J - a phial of floods
 M - a lightning rod (4/4)
 O - a phantom mirror
 R - a box of beasts


   Skills:
 + Level 22.3 Fighting
 - Level 10.0 Short Blades
 - Level 12.7 Armour
 + Level 14.4 Dodging
 - Level 15.0 Stealth
 - Level 15.3 Shields
 - Level 12.0 Spellcasting
 - Level 12.0 Conjurations
 - Level 12.0 Hexes
 - Level 8.0 Translocations
 - Level 12.0 Transmutations
 - Level 10.0 Ice Magic
 - Level 12.0 Air Magic
 - Level 8.0 Poison Magic
 + Level 11.7 Evocations


You couldn't memorise any spells.
You knew the following spells:

 Your Spells              Type           Power      Damage    Failure   Level
a - Airstrike             Air            30%        2d(5-21)  1%          4
b - Iskenderun's Mystic   Conj/Tloc      55%        2d12      1%          4
c - Mephitic Cloud        Conj/Pois/Air  56%        N/A       1%          3
e - Apportation           Tloc           96%        N/A       1%          1
f - Freezing Cloud        Conj/Ice/Air   29%        6-21      2%          5
g - Passage of Golubria   Tloc           48%        N/A       3%          4
p - Fulminant Prism       Conj/Hex       30%        3d15      1%          4
t - Confusing Touch       Hex            60%        N/A       1%          3
w - Wereblood             Tmut           60%        N/A       1%          2
y - Yara's Violent Unrav  Hex/Tmut       30%        3d13      1%          5
A - Ozocubu's Armour      Ice            55%        N/A       1%          3
B - Blink                 Tloc           96%        N/A       1%          2
I - Irradiate             Conj/Tmut      30%        3d21      1%          5
P - Passwall              Tmut/Erth      32%        N/A       1%          2
R - Swiftness             Air            60%        N/A       1%          3

Your spell library contained the following spells:

 Spells                   Type           Power      Damage    Failure   Level
 Beastly Appendage        Tmut           100%       N/A       1%          1
 Foxfire                  Conj/Fire      100%       2x1d9     1%          1
 Kiss of Death            Conj/Necr      100%       2d13      1%          1
 Magic Dart               Conj           100%       1d8       1%          1
 Shock                    Conj/Air       100%       1d9       1%          1
 Sting                    Tmut/Pois      100%       1d8       1%          1
 Cigotuvi's Dreadful Rot  Necr/Pois/Air  84%        N/A       1%          2
 Ensorcelled Hibernation  Hex/Ice        100%       N/A       1%          2
 Poisonous Vapours        Pois/Air       100%       N/A       1%          2
 Static Discharge         Conj/Air       100%       2-7/arc   1%          2
 Dazzling Flash           Conj/Hex       100%       N/A       1%          3
 Frozen Ramparts          Ice            100%       1d16      1%          3
 Gell's Gravitas          Tloc           48%        N/A       1%          3
 Hailstorm                Conj/Ice       57%        3d12      1%          3
 Ignite Poison            Fire/Tmut/Pois 42%        N/A       1%          3
 Portal Projectile        Hex/Tloc       100%       N/A       1%          3
 Spider Form              Tmut/Pois      55%        N/A       1%          3
 Teleport Other           Tloc           48%        N/A       1%          3
 Tukima's Dance           Hex            60%        N/A       1%          3
 Vhi's Electric Charge    Tloc/Air       100%       N/A       1%          3
 Cause Fear               Hex            30%        N/A       1%          4
 Ice Form                 Ice/Tmut       57%        N/A       1%          4
 Arcjolt                  Conj/Air       30%        1d40      1%          5
 Blade Hands              Tmut           30%        N/A       1%          5
 Iskenderun's Battlesphe  Conj           60%        2d11      1%          5
 Inner Flame              Hex/Fire       39%        N/A       2%          3
 Stone Arrow              Conj/Erth      78%        3d11      2%          3
 Summon Guardian Golem    Hex/Summ       39%        N/A       2%          3
 Metabolic Englaciation   Hex/Ice        28%        N/A       2%          5
 Manifold Assault         Tloc           48%        N/A       3%          4
 Olgreb's Toxic Radiance  Pois           48%        N/A       3%          4
 Alistair's Intoxication  Tmut/Pois      36%        N/A       3%          5
 Volatile Blastmotes      Fire/Tloc      60%        2d15      4%          3
 Anguish                  Hex/Necr       19%        N/A       7%          4
 Flame Wave               Conj/Fire      39%        2d11      7%          4
 Leda's Liquefaction      Hex/Erth       19%        N/A       7%          4
 Petrify                  Tmut/Erth      39%        N/A       7%          4
 Sticky Flame             Conj/Fire      39%        2d6       7%          4
 Summon Lightning Spire   Summ/Air       39%        N/A       7%          4
 Necrotise                Necr           52%        1d6       9%          1
 Summon Small Mammal      Summ           52%        N/A       9%          1
 Conjure Ball Lightning   Conj/Air       30%        3x3d10    10%         6
 Summon Ice Beast         Ice/Summ       35%        N/A       11%         4
 Scorch                   Fire           26%        2d6       13%         2
 Sublimation of Blood     Necr           13%        N/A       13%         2
 Eringya's Noxious Bog    Tmut/Pois      27%        N/A       22%         6
 Call Canine Familiar     Summ           13%        N/A       26%         3
 Summon Forest            Summ/Tloc      15%        N/A       41%         5
 Dispersal                Tloc           24%        N/A       43%         6
 Dragon Form              Tmut           30%        N/A       45%         7
 Enfeeble                 Hex            30%        N/A       45%         7
 Storm Form               Tmut/Air       30%        N/A       45%         7
 Animate Armour           Summ/Erth      26%        N/A       63%         4
 Animate Dead             Necr           13%        N/A       63%         4
 Dispel Undead            Necr           13%        3d9       63%         4
 Iron Shot                Conj/Erth      19%        9d4       73%         6
 Starburst                Conj/Fire      19%        6d7       73%         6
 Statue Form              Tmut/Erth      26%        N/A       73%         6
 Ozocubu's Refrigeration  Ice            27%        4d13      75%         7
 Simulacrum               Ice/Necr       17%        N/A       86%         6
 Borgnjor's Vile Clutch   Necr/Erth      6%         N/A       93%         5
 Lee's Rapid Deconstruct  Erth           6%         3d6*      93%         5
 Spellforged Servitor     Conj/Summ      19%        N/A       99%         7
 Maxwell's Capacitive Co  Air            30%        ∞         99%         8
 Death Channel            Necr           6%         N/A       100%        6
 Summon Cactus Giant      Summ           6%         N/A       100%        6
 Haunt                    Necr/Summ      6%         N/A       100%        7
 Malign Gateway           Summ/Tloc      15%        N/A       100%        7
 Summon Hydra             Summ           6%         N/A       100%        7
 Borgnjor's Revivificati  Necr           6%         N/A       100%        8
 Disjunction              Tloc           24%        N/A       100%        8
 Ignition                 Fire           6%         3d4       100%        8
 Infestation              Necr           6%         N/A       100%        8
 Lehudib's Crystal Spear  Conj/Erth      19%        10d6      100%        8
 Summon Horrible Things   Summ           6%         N/A       100%        8
 Chain Lightning          Conj/Air       30%        3d40      100%        9
 Dragon's Call            Summ           6%         N/A       100%        9
 Fire Storm               Conj/Fire      19%        8d5       100%        9
 Shatter                  Erth           6%         3d9*      100%        9


Dungeon Overview and Level Annotations

Branches:
Dungeon (15/15)            Temple (0/1) D:7            Lair (5/5) D:11
  Swamp (4/4) Lair:3        Snake (4/4) Lair:2        Slime (5/5) Lair:5
    Orc (2/2) D:10            Elf (3/3) Orc:2        Vaults (5/5) D:14
  Crypt (3/3) Vaults:2       Tomb (0/3) Crypt:3      Depths (4/4) D:15
    Zot (5/5) Depths:4     WizLab (visited)

Altars:
Cheibriados
Dithmenos
Fedhas
Gozag
Kikubaaqudgha
Makhleb
Okawaru
Sif Muna
Trog
Vehumet
Wu Jian
Xom
Yredelemnul
The Shining One
Jiyva

Shops:
D:1 *   D:4 ?*:?[   Orc:1 =   Orc:2 *?(*   Elf:1 :   Elf:2 !   Elf:3 [
Vaults:5 !   Zot:1 *   Depths:1 =:

Portals:
Hell: Depths:1 Depths:2 Depths:3 Depths:4
Abyss: D:5 Depths:2 Depths:3 Depths:4
Pandemonium: Depths:2
Ziggurat: Depths:1

Annotations:
Zot:5 2 transporters


Innate Abilities, Weirdness & Mutations

You have razor-sharp teeth.
Your natural rate of healing is unusually fast.
When hurt, damage is shared between your health and your magic reserves.
Your bite disrupts and absorbs the magic of your enemies.
Potions cannot restore your health.
You are partially covered in iridescent scales. (AC +2)
Your mind is acute. (Int +4, Str/Dex -1)
Armour fits poorly on your strangely shaped body.
Your flesh is heat resistant. (rF+)
You have hidden genetic potential.


Message History

The Executioner misses you. You block the Executioner's attack. x2
Casting: Irradiate (mildly dangerous; 1% risk of failure)
Confirm with . or Enter, or press ? or * to list all spells.
You erupt in a fountain of uncontrolled magic!
The Executioner is blasted with magical radiation!!!
You kill the Executioner!
The Council accepts your kill.
You are very lightly contaminated with residual magic.
There is a stone staircase leading up here.
(D) Dungeon (T) Temple (L) Lair (S) Swamp (P) Snake Pit (M) Slime Pits (O) Orcish Mines (E) Elven Halls (V) Vaults (C) Crypt (W) Tomb (U) Depths (H) Hell (Z) Zot
Where to? (Enter - D:2 @ (x,y), ? - help) You're already here!
(D) Dungeon (T) Temple (L) Lair (S) Swamp (P) Snake Pit (M) Slime Pits (O) Orcish Mines (E) Elven Halls (V) Vaults (C) Crypt (W) Tomb (U) Depths (H) Hell (Z) Zot
Where to? (Enter - D:2 @ (x,y), ? - help)
What level of the Dungeon? (default 1, ? - help)
You fly upwards.
There is a stone staircase leading down here.
HP restored.
Magic restored.
Your magical contamination has completely faded away.
There is a staircase leading out of the dungeon here.
Okay, then.
Unknown command.
You are mighty.
You are flying.
You are studying Ranged Weapons.
Your flying speed is average.
Your attack delay is about 0.3 (and cannot be improved with additional weapon skill).
Your damage rating with your +9 dagger of speed is about 18 (Base 4 x 142% (Dex) x 164% (Skill) + 9 (Ench)).
Your base attributes are Str 24, Int 15, Dex 16.
Save game and exit?
Welcome back, SuperSeabass the Vine Stalker Air Elementalist.
The Council says: Follow the path of wisdom and battle!
Press ? for a list of commands and other information.
Unknown command.
You have escaped!

#.......+.....###......#####.##.
##########...#.# #............##.
...........#...######....#######.
##########.#.....# #.....######.
##########.#..##.######.####...).
.#.............#..........##.####
.#.###.######.##########..##.#...
....##.#..................##.#.##
.#..##.....##...@...##....#..(..#
....####...........).......######
....# ##################...#
....# ♣.PP♣.P..PPP.PP#...###
....# P♣P.♣PP.♣P.P.P♣#.#...###
....#### .PPPPP..♣..P.♣♣#.#.....#
.......# .....P.PP..P.PP#...#.#.#
#......# .PP♣♣.....PP.###.#>#.#
..[....#


PP. ♣.P..PPP♣# #.###.# There were no monsters in sight!

Vanquished Creatures
  the Royal Jelly (Slime:5)
  2 dread liches
  An ancient lich (Vaults:5)
  2 orbs of fire (Zot:5)
  Mara (Swamp:3)
  A juggernaut (Depths:2)
  Sojobo (Crypt:1)
  Vv (Crypt:3)
  5 Killer Klowns (Zot:5)
  Parghit (Zot:1)
  Xtahua (Vaults:5)
  4 caustic shrikes (Depths:4)
  4 golden dragons
  Jory (Vaults:5)
  A golden dragon (shapeshifter) (Vaults:5)
  2 curse toes
  4 bone dragons
  An electric golem (Zot:5)
  A spectral shard shrike (Crypt:3)
  5 tentacled monstrosities
  Rupert (Orc:2)
  Jorgrun (D:13)
  23 Orb Guardians
  A shard shrike skeleton (Crypt:2)
  5 titans (Vaults:5)
  3 liches
  A walking frostbound tome (Depths:3)
  The ghost of pleonasm the Warrior, an adept OgBe of Trog (Swamp:3)
  2 deep elf master archers (Elf:3)
  4 quicksilver dragons
  Frances (D:14)
  An Executioner (D:2)
  A deep elf blademaster (Elf:3)
  18 acid blobs
  7 ancient champions
  7 sphinxes
  6 tengu reavers
  7 storm dragons
  Kirke (D:12)
  3 draconian monks
  2 thorn hunters (Swamp:4)
  5 shadow dragons
  2 nagarajas
  9 revenants
  11 fire giants
  15 rockslimes
  6 draconian knights
  Roxanne (Swamp:2)
  7 deep elf sorcerers (Elf:3)
  11 azure jellies
  Aizul (Snake:4)
  A spectral caustic shrike (Crypt:3)
  7 frost giants
  A hydra zombie (Swamp:4)
  3 draconian scorchers
  A juggernaut zombie (Crypt:2)
  10 vault wardens
  A spriggan defender (Depths:3)
  20 ironbound preservers
  2 curse skulls (Crypt:2)
  2 orc warlords
  4 deep elf elementalists (Elf:3)
  4 draconian annihilators
  4 ghouls
  A caustic shrike skeleton (Crypt:2)
  5 draconian stormcallers (Zot:3)
  16 quicksilver oozes
  3 draconian shifters
  4 eleionomae
  2 war gargoyles (Vaults:5)
  28 very ugly things
  8 vampire knights
  7 stone giants
  6 ironbound thunderhulks
  8 deep elf annihilators
  The ghost of turdburglar the Thaumaturge, a journeyman DrAE of Vehumet (Lair:4)
  7 deep elf demonologists
  3 green draconians
  2 black draconians (Zot:4)
  5 yellow draconians
  4 red draconians
  9 dire elephants
  Azrael (D:14)
  8 white draconians
  2 spectral titans (Crypt:3)
  3 spark wasps
  14 bunyips
  A minotaur (Lair:5)
  The ghost of Drunn the Thaumaturge, a journeyman DsEE of Dithmenos (Lair:5)
  12 deep elf death magi
  13 eidola
  Snorg (D:14)
  3 merfolk impalers
  6 purple draconians
  3 shambling mangroves (Swamp:4)
  15 ettins
  12 jiangshi
  3 entropy weavers
  8 deep elf high priests
  4 fire dragons
  An entropy weaver (shapeshifter) (WizLab)
  Josephine (D:13)
  Fannar (D:11)
  3 spectral quicksilver dragons (Crypt:3)
  19 yaktaur captains
  2 rakshasas
  11 great orbs of eyes
  2 spectral spriggans (Crypt:3)
  29 vault guards
  A quicksilver dragon skeleton (Crypt:3)
  A pearl dragon skeleton (Crypt:2)
  Erolcha (Orc:2)
  2 peacekeepers
  18 hydras
  2 hell beasts
  12 ice dragons
  5 ogre magi
  3 spriggan air magi
  8 boulder beetles
  2 salamander tyrants (Snake:4)
  A fenstrider witch skeleton (Crypt:2)
  8 ironbound frosthearts
  2 catoblepae
  10 centaur warriors
  Erica (D:9)
  19 death yaks
  2 death knights
  15 two-headed ogres
  An Orb Guardian skeleton (Crypt:3)
  6 deep troll shamans
  The ghost of lsdroyale the Destroyer, a journeyman HuCj of Vehumet (D:11)
  22 dancing weapons
  12 anacondas
  8 deep troll earth magi
  2 hell hogs
  15 naga warriors
  8 vampire magi
  An orc high priest (Orc:2)
  6 tengu warriors
  15 alligators
  10 spriggan berserkers
  12 shock serpents
  3 spectral storm dragons (Crypt:3)
  Sonja (D:11)
  11 naga sharpshooters
  A sun demon (D:4)
  Urug (Orc:2)
  2 skysharks (Lair:5)
  20 deep elf knights
  Nergalle (D:11)
  3 soul eaters
  A titan skeleton (Crypt:2)
  23 skeletal warriors
  A skyshark (shapeshifter) (Vaults:5)
  5 shadow wraiths
  A fire crab (Lair:4)
  6 salamander mystics
  The ghost of IHitMyHead the Cleaver, a novice HuFi (D:6)
  Lodul (D:13)
  A storm dragon skeleton (Crypt:2)
  A bunyip zombie (Crypt:1)
  5 goliath frogs
  83 deep trolls
  9 iron trolls
  9 sea snakes
  A spectral bunyip (Crypt:3)
  A death drake (Swamp:3)
  3 spriggan druids
  3 swamp dragons (Swamp:4)
  4 glowing orange brains
  9 flayed ghosts
  21 phantasmal warriors
  4 bog bodies
  A glowing orange brain (shapeshifter) (Vaults:5)
  14 naga ritualists
  A steelbarb worm (shapeshifter) (Elf:1)
  8 lindwurms
  11 wizards
  2 spectral hydras (Swamp:4)
  19 ironbound convokers
  19 deep elf archers
  5 harpies (Vaults:1)
  2 anaconda skeletons (Crypt:2)
  17 mana vipers
  29 deep elf zephyrmancers
  10 orc knights
  2 harpies (shapeshifter)
  6 shining eyes
  4 oklob plants
  A necromancer (Crypt:1)
  47 ugly things
  6 orc sorcerers
  28 deep elf pyromancers
  A lindwurm (shapeshifter) (WizLab)
  5 will-o-the-wisps
  2 manticores
  7 cyclopes
  A faun (shapeshifter) (WizLab)
  An elephant (D:11)
  15 salamanders
  A spectral alligator snapping turtle (Crypt:3)
  A spectral centaur (Crypt:3)
  A salamander (shapeshifter) (WizLab)
  A cyclops (shapeshifter) (Depths:1)
  A centaur zombie (Crypt:1)
  5 guardian serpents
  10 moths of wrath
  A titan simulacrum (Crypt:3)
  An apis skeleton (Crypt:2)
  2 black mambas (shapeshifter)
  14 vault sentinels
  39 black mambas
  A toenail golem (D:4)
  16 naga magi
  7 eyes of devastation
  An ice statue (Lair:2)
  A water nymph (shapeshifter) (Vaults:5)
  An alligator snapping turtle zombie (Crypt:1)
  9 cane toads
  A torpor snail (Lair:4)
  2 gargoyles (D:11)
  A centaur skeleton (Crypt:1)
  2 kobold demonologists
  3 rime drakes
  A rime drake (shapeshifter) (WizLab)
  A komodo dragon (shapeshifter) (WizLab)
  2 unseen horrors
  An efreet (D:14)
  2 elves (WizLab)
  36 yaktaurs
  A red draconian skeleton (Crypt:1)
  4 komodo dragons
  17 freezing wraiths
  A pale draconian skeleton (Crypt:1)
  3 spectral nagas (Crypt:3)
  8 tengu conjurers
  A yellow draconian skeleton (Crypt:1)
  A harpy zombie (Crypt:2)
  2 death drake zombies (Swamp:4)
  A spectral harpy (Crypt:3)
  6 trolls
  A meliai (shapeshifter) (WizLab)
  An iron troll skeleton (Crypt:3)
  2 polar bears (shapeshifter) (WizLab)
  A troll (shapeshifter) (Depths:4)
  2 merfolk (shapeshifter)
  10 polar bears
  2 meliai (Lair:4)
  A queen bee (Lair:4)
  18 hornets
  A tarantella zombie (Crypt:1)
  The ghost of jagang the Shooter, an amateur HuHu (D:5)
  9 tyrant leeches
  2 wind drakes (shapeshifter) (WizLab)
  7 saltlings (Orc:2)
  A tarantella (shapeshifter) (WizLab)
  8 dream sheep
  A hydra skeleton (Crypt:2)
  8 blink frogs
  A harpy skeleton (Crypt:2)
  A raiju (shapeshifter) (WizLab)
  A death drake skeleton (Swamp:4)
  An ettin zombie (Crypt:1)
  96 slime creatures
  A culicivora (shapeshifter) (WizLab)
  11 large abominations
  5 air elementals
  An ice dragon skeleton (Crypt:1)
  9 flying skulls
  5 shadows
  A jumping spider (shapeshifter) (WizLab)
  13 water elementals
  13 wraiths
  A spriggan (shapeshifter) (WizLab)
  14 small abominations
  19 spriggans
  2 hogs (shapeshifter) (WizLab)
  4 humans
  Grum (D:8)
  10 golden eyes
  2 fire elementals (D:14)
  5 hogs (D:12)
  7 wyverns
  2 redbacks
  32 yaks
  2 basilisks (shapeshifter) (WizLab)
  2 redbacks (shapeshifter)
  6 chaos spawn (Depths:4)
  An iron golem (WizLab)
  5 basilisks
  2 harpy simulacra (Crypt:3)
  12 vampire mosquitoes
  A warg (Orc:2)
  3 acid dragons
  46 nagas
  13 swamp worms
  13 water moccasins
  4 hydra simulacra (Swamp:4)
  A fire bat skeleton (Crypt:3)
  2 swamp drakes (Swamp:4)
  6 floating eyes
  2 hell hounds
  11 orc warriors
  2 water moccasins (shapeshifter) (WizLab)
  7 ice beasts
  An ice dragon simulacrum (Crypt:3)
  A snapping turtle zombie (Crypt:2)
  4 swamp dragon zombies (Swamp:4)
  A faun skeleton (Crypt:2)
  An ice beast (shapeshifter) (WizLab)
  6 black bears
  4 boggarts
  2 sky beasts
  25 ogres
  A blink frog skeleton (Crypt:3)
  3 centaurs
  31 wolves
  An elephant skeleton (Crypt:2)
  2 phantoms
  A rime drake zombie (Crypt:2)
  13 kobold brigands
  8 bullfrogs
  A bullfrog (shapeshifter) (Vaults:2)
  4 earth elementals
  A naga simulacrum (Crypt:3)
  An elf skeleton (Crypt:2)
  A yaktaur skeleton (Crypt:3)
  14 wights
  A water moccasin skeleton (Crypt:3)
  A warg skeleton (Crypt:2)
  5 killer bees (Lair:4)
  2 troll zombies (Crypt:1)
  4 howler monkeys
  13 electric eels
  A crimson imp (D:7)
  2 gnoll boudas
  4 hounds
  5 jellies
  9 orc priests
  19 orc wizards
  4 iguanas
  14 hell rats
  2 naga skeletons
  12 gnolls
  5 adders
  2 shadow imps (D:5)
  A white imp (Lair:2)
  An adder skeleton (D:2)
  5 dart slugs
  An iguana skeleton (Crypt:3)
  49 orcs
  4 bats
  A bat zombie (D:2)
  7 endoplasms
  3 giant cockroaches
  8 goblins
  6 hobgoblins
  26 kobolds
  A quokka (D:2)
  11 ball pythons
  3 frilled lizards
  A goblin zombie (Crypt:3)
  A jackal skeleton (Crypt:1)
  A kobold zombie (Crypt:1)
  4 rats
  A butterfly (Swamp:2)
2346 creatures vanquished.

Vanquished Creatures (collateral kills)
  A caustic shrike (Depths:4)
  A mutant beast (WizLab)
  A large abomination (WizLab)
3 creatures vanquished.

Vanquished Creatures (others)
  A naga ritualist (Snake:4)
  A deep elf zephyrmancer (Elf:1)
  A bloated husk (Swamp:1)
  A killer bee (Lair:4)
  16 foxfires
  41 fulminant prisms
61 creatures vanquished.

Grand Total: 2410 creatures vanquished

Notes
Turn   | Place    | Note
-------+----------+-------------------------------------------
     0 | D:1      | SuperSeabass the Vine Stalker Air Elementalist began the
                  | quest for the Orb.
     0 | D:1      | Reached XP level 1. HP: 9/9 MP: 4/4
   202 | D:1      | Reached XP level 2. HP: 13/13 MP: 0/6
   559 | D:1      | Found Udoboadyg's Assorted Antiques.
   576 | D:1      | Bought a scroll labelled LAQAMAMP OZACW for 29 gold pieces
   576 | D:1      | Bought a red potion for 26 gold pieces
   717 | D:1      | Reached XP level 3. HP: 10/16 MP: 1/7
   922 | D:1      | Learned a level 2 spell: Static Discharge
   926 | D:1      | Learned a level 3 spell: Swiftness
  1769 | D:2      | Noticed an ogre
  2607 | D:3      | Gained mutation: Your natural rate of healing is unusually
                  | fast. [Vine Stalker growth]
  2607 | D:3      | Reached XP level 4. HP: 21/21 MP: 7/9
  2870 | D:4      | Noticed a phantom
  2962 | D:4      | Found Diaqit's Book Emporium.
  3059 | D:4      | Found Tahihown's Magic Scroll Boutique.
  3066 | D:4      | Bought a scroll of identify for 28 gold pieces
  3066 | D:4      | Bought a scroll of teleportation for 42 gold pieces
  3066 | D:4      | Bought a scroll of fear for 56 gold pieces
  3111 | D:4      | Found Utaucwic's Assorted Antiques.
  3120 | D:4      | Bought an orange potion for 22 gold pieces
  3139 | D:4      | Found Hiengec's Magic Scroll Shop.
  3409 | D:4      | Found Acvimou's Antique Armour Emporium.
  3599 | D:5      | Entered Level 5 of the Dungeon
  3799 | D:4      | Killed a phantom
  3800 | D:4      | Reached skill level 1 in Short Blades
  3800 | D:4      | Reached XP level 5. HP: 22/24 MP: 10/10
  3807 | D:4      | Identified a scroll of acquirement
  3808 | D:4      | Acquired the ring "Ugrack" {Drain rF+ rC+ Dex+9}
  4105 | D:5      | Noticed an ice beast
  4115 | D:4      | Reached XP level 6. HP: 8/28 MP: 3/11
  4120 | D:4      | Killed an ice beast
  4271 | D:5      | Reached XP level 7. HP: 32/32 MP: 11/13
  4301 | D:5      | Reached skill level 5 in Stealth
  4661 | D:4      | Bought 2 murky yellow potions for 45 gold pieces
  4827 | D:5      | Noticed a small abomination
  4836 | D:5      | Noticed jagang's ghost (amateur HuHu)
  4940 | D:5      | Found a transporter.
  4950 | D:5      | Found a transporter.
  5212 | D:5      | Found a snail-covered altar of Cheibriados.
  5456 | D:6      | Found a runed translucent gate.
  5457 | D:6      | Found a runed translucent gate.
  5459 | D:6      | Found a runed translucent gate.
  5461 | D:6      | Noticed IHitMyHead's ghost (novice HuFi)
  5619 | D:6      | Found an ornate altar of the Wu Jian Council.
  5624 | D:6      | Found a shimmering blue altar of Sif Muna.
  5650 | D:6      | Became a worshipper of the Wu Jian Council
  5659 | D:6      | Reached skill level 5 in Air Magic
  5790 | D:6      | Gained mutation: You have razor-sharp teeth. [Vine Stalker
                  | growth]
  5790 | D:6      | Reached XP level 8. HP: 32/36 MP: 10/15
  6119 | D:4      | Bought a scroll of enchant armour for 75 gold pieces
  6121 | D:4      | Bought a scroll of identify for 20 gold pieces
  6504 | D:2      | Reached skill level 1 in Fighting
  6719 | D:7      | Reached skill level 2 in Fighting
  6723 | D:7      | Reached * piety under Wu Jian
  6858 | D:7      | Reached skill level 5 in Spellcasting
  6874 | D:7      | Reached skill level 5 in Short Blades
  6874 | D:7      | Reached XP level 9. HP: 43/43 MP: 17/17
  6978 | D:7      | Found a shimmering altar of Xom.
  6978 | D:7      | Found a burning altar of Makhleb.
  7137 | D:7      | Found a staircase to the Ecumenical Temple.
  7276 | D:7      | Reached skill level 3 in Fighting
  7431 | D:7      | Noticed a deep elf pyromancer
  7433 | D:7      | Killed a deep elf pyromancer
  7434 | D:7      | Reached skill level 4 in Fighting
  7565 | D:8      | Reached XP level 10. HP: 50/50 MP: 20/20
  7938 | D:8      | Noticed Grum
  7951 | D:8      | Killed Grum
  7952 | D:8      | Reached skill level 5 in Fighting
  8210 | D:8      | Reached ** piety under Wu Jian
  8669 | D:9      | Noticed Erica
  8671 | D:9      | Killed Erica
  8672 | D:9      | Reached skill level 10 in Stealth
  8672 | D:9      | Reached skill level 1 in Shields
  8724 | D:9      | Reached skill level 1 in Armour
  8809 | D:9      | Reached XP level 11. HP: 54/56 MP: 19/21
  9052 | D:9      | Reached skill level 6 in Fighting
  9143 | D:9      | Found a glowing golden altar of the Shining One.
  9333 | D:9      | Reached *** piety under Wu Jian
  9640 | D:4      | Bought a scroll of enchant weapon for 75 gold pieces
  9652 | D:4      | Bought a shiny moonstone ring for 125 gold pieces
  9843 | D:10     | Entered Level 10 of the Dungeon
  9959 | D:10     | Noticed a cyclops
  9989 | D:10     | Killed a cyclops
 10304 | D:10     | Noticed a two-headed ogre
 10378 | D:10     | Killed a two-headed ogre
 10603 | D:10     | Found a staircase to the Orcish Mines.
 10874 | D:11     | Noticed Maurice
 10925 | D:11     | Paralysed by Maurice for 4 turns
 10930 | D:11     | Maurice changed into Maurice the ice beast
 10930 | D:11     | Noticed Maurice
 10943 | D:11     | Killed Maurice the ice beast
 10954 | D:11     | Found a runed translucent gate.
 10954 | D:11     | Found a runed translucent gate.
 10954 | D:11     | Found a runed translucent gate.
 10955 | D:11     | Found an opulent altar of Gozag.
 10957 | D:11     | Noticed a boulder beetle
 10957 | D:11     | Noticed lsdroyale's ghost (journeyman HuCj)
 10989 | D:11     | Reached skill level 10 in Short Blades
 11007 | D:11     | Found a staircase to the Lair.
 11040 | D:11     | Noticed a two-headed ogre
 11151 | D:11     | Killed a two-headed ogre
 11282 | D:11     | Noticed Sonja
 11370 | D:11     | Noticed a cyclops
 11399 | D:11     | Killed a cyclops
 11400 | D:11     | Reached XP level 12. HP: 62/62 MP: 22/22
 11663 | Lair:1   | Entered Level 1 of the Lair of Beasts
 11725 | Lair:1   | Reached skill level 7 in Fighting
 11744 | Lair:1   | Reached **** piety under Wu Jian
 12505 | Lair:2   | Found an iron altar of Okawaru.
 12718 | Lair:2   | Noticed an ice dragon
 13182 | Lair:2   | Found a staircase to the Snake Pit.
 13234 | Lair:3   | Found a staircase to the Swamp.
 13306 | Lair:3   | Reached skill level 5 in Shields
 13369 | Lair:3   | Identified the +7 flail "Bunuy" {spect, rC+ MP+9}
 13471 | Lair:3   | Reached skill level 5 in Dodging
 14294 | Lair:4   | Reached skill level 8 in Fighting
 14294 | Lair:4   | Reached skill level 5 in Armour
 14299 | Lair:4   | Noticed a death yak
 14345 | Lair:4   | Killed a death yak
 14378 | Lair:4   | Noticed turdburglar's ghost (journeyman DrAE)
 14455 | Lair:4   | Found a transporter.
 14547 | Lair:4   | Reached XP level 13. HP: 68/68 MP: 23/23
 14608 | Lair:4   | Found a transporter.
 14811 | Lair:4   | Reached ***** piety under Wu Jian
 14971 | Lair:4   | Acquired the +2 cloak of Precision Catastrophes {Drain rC++
                  | Int+2}
 15034 | Lair:5   | Entered Level 5 of the Lair of Beasts
 15167 | Lair:5   | Noticed Drunn's ghost (journeyman DsEE)
 15225 | Lair:5   | Found a runed translucent gate.
 15225 | Lair:5   | Found a runed translucent gate.
 15225 | Lair:5   | Found a runed translucent gate.
 15304 | Lair:5   | Noticed a minotaur
 15462 | Lair:5   | Found a viscous altar of Jiyva.
 15462 | Lair:5   | Found a staircase to the Slime Pits.
 15728 | Lair:4   | Reached skill level 9 in Fighting
 16817 | D:4      | Bought the Precepts of Arcane Weapons for 260 gold pieces
 16821 | D:4      | Learned a level 3 spell: Mephitic Cloud
 17384 | Lair:2   | Killed an ice dragon
 17385 | Lair:2   | Reached skill level 1 in Poison Magic
 17385 | Lair:2   | Reached XP level 14. HP: 63/75 MP: 20/24
 18369 | Lair:5   | Reached skill level 5 in Conjurations
 19740 | D:12     | Reached skill level 5 in Poison Magic
 19838 | D:11     | Reached skill level 10 in Fighting
 19910 | D:12     | Noticed Kirke
 19936 | D:12     | Noticed a sphinx
 19946 | D:12     | Killed Kirke
 20260 | D:12     | Reached ****** piety under Wu Jian
 20520 | Orc:1    | Entered Level 1 of the Orcish Mines
 20613 | Orc:2    | Entered Level 2 of the Orcish Mines
 20632 | Orc:2    | Found a staircase to the Elven Halls.
 21080 | Orc:1    | Noticed an orc warlord
 21104 | Orc:1    | Found Vaforph's Jewellery Shop.
 21136 | Orc:1    | Reached XP level 15. HP: 79/80 MP: 25/25
 21276 | Orc:2    | Noticed Urug
 21286 | Orc:2    | Killed Urug
 21329 | Orc:2    | Noticed Rupert
 21363 | Orc:2    | Noticed Erolcha
 21399 | Orc:2    | Killed Erolcha
 21570 | Orc:2    | Killed Rupert
 21589 | Orc:2    | Found Biskentu's General Store.
 21697 | Orc:2    | Learned a level 4 spell: Airstrike
 21834 | Orc:2    | Noticed an orc warlord
 21853 | Orc:2    | Killed an orc warlord
 21917 | Orc:2    | Reached skill level 10 in Shields
 21917 | Orc:2    | Reached skill level 1 in Transmutations
 21972 | Orc:2    | Found Itaxon's Antique Weapon Shoppe.
 21994 | Orc:2    | Found Emot's Magic Scroll Shoppe.
 22022 | Orc:2    | Found Xogyitau's General Store.
 22059 | Orc:2    | Bought a +2 helmet for 198 gold pieces
 22059 | Orc:2    | Bought a scroll of identify for 24 gold pieces
 22093 | Orc:2    | Bought a scroll of identify for 22 gold pieces
 22093 | Orc:2    | Bought a scroll of magic mapping for 82 gold pieces
 22093 | Orc:2    | Bought a scroll of enchant weapon for 82 gold pieces
 22437 | D:4      | Bought a scroll of identify for 20 gold pieces
 22437 | D:4      | Bought a scroll of fear for 40 gold pieces
 22437 | D:4      | Bought a scroll of identify for 20 gold pieces
 22437 | D:4      | Bought a scroll of fear for 40 gold pieces
 22685 | D:13     | Noticed Josephine
 22687 | D:13     | Killed Josephine
 22856 | D:13     | Noticed Lodul
 22863 | D:13     | Killed Lodul
 23297 | D:13     | Noticed Jorgrun
 23336 | D:13     | Killed Jorgrun
 23402 | D:13     | Learned a level 2 spell: Wereblood
 23465 | D:14     | Noticed Snorg
 23482 | D:14     | Killed Snorg
 23756 | D:14     | Found a gate to the Vaults.
 23779 | D:14     | Noticed Azrael
 23860 | D:14     | Killed Azrael
 24052 | D:14     | Reached XP level 16. HP: 86/86 MP: 26/26
 24357 | D:14     | Noticed Frances
 24388 | D:14     | Killed Frances
 24481 | D:15     | Entered Level 15 of the Dungeon
 24498 | D:15     | Found a staircase to the Depths.
 24522 | D:15     | Reached skill level 5 in Transmutations
 24957 | D:15     | Got Sif Muna's Elucidation of Aerial Orientation
 24986 | D:15     | Reached skill level 11 in Fighting
 25509 | Swamp:1  | Entered Level 1 of the Swamp
 26501 | Swamp:2  | Identified Roxanne's Almanac of Variation
 26501 | Swamp:2  | Noticed Roxanne
 26764 | Swamp:2  | Reached skill level 10 in Air Magic
 27702 | Swamp:3  | Noticed Mara
 27773 | Swamp:3  | Noticed SuperSeabass's illusion
 27892 | Swamp:3  | Noticed SuperSeabass's illusion
 28075 | Swamp:3  | Killed Mara
 28076 | Swamp:3  | Reached XP level 17. HP: 83/90 MP: 27/27
 28124 | Swamp:3  | Found a runed translucent door.
 28126 | Swamp:3  | Noticed pleonasm's ghost (adept OgBe)
 28126 | Swamp:3  | Noticed a tentacled monstrosity
 28194 | Swamp:3  | Killed a tentacled monstrosity
 28498 | Swamp:4  | Entered Level 4 of the Swamp
 30198 | Snake:1  | Entered Level 1 of the Snake Pit
 32131 | Snake:1  | Reached XP level 18. HP: 92/98 MP: 26/28
 32155 | Snake:2  | Reached skill level 10 in Armour
 32328 | Snake:2  | Reached skill level 12 in Fighting
 33434 | Snake:2  | You fall into a shaft and drop 1 floor!
 33855 | Snake:2  | Identified the staff of poison "Haikkeez" {rPois rF- Will+
                  | Str+3}
 33929 | Snake:2  | Identified the +2 dagger of Riffyakh {flame, Fragile +Blink
                  | rPois Will+}
 34372 | Snake:3  | Reached skill level 10 in Conjurations
 34670 | Snake:4  | Entered Level 4 of the Snake Pit
 35126 | Snake:4  | Noticed Aizul
 35218 | Snake:4  | Killed Aizul
 36313 | Snake:4  | Reached XP level 19. HP: 96/103 MP: 29/29
 36803 | Snake:4  | Got a serpentine rune of Zot
 37196 | D:5      | Found a one-way gate to the infinite horrors of the Abyss.
 37219 | D:5      | Killed jagang's ghost
 37337 | D:6      | Killed IHitMyHead's ghost
 37492 | D:11     | Killed lsdroyale's ghost
 37588 | D:11     | Noticed Fannar
 37606 | D:11     | Killed Fannar
 37646 | D:11     | Noticed Nergalle
 37662 | D:11     | Killed Nergalle
 37810 | D:11     | Killed Sonja
 37848 | D:11     | Learned a level 5 spell: Irradiate
 37952 | Vaults:1 | Entered Level 1 of the Vaults
 38723 | Vaults:1 | Reached skill level 13 in Fighting
 39713 | Vaults:2 | Reached XP level 20. HP: 78/109 MP: 20/30
 39770 | Vaults:2 | Found an ancient bone altar of Kikubaaqudgha.
 39771 | Vaults:2 | Found a staircase to the Crypt.
 40146 | Vaults:2 | Reached skill level 10 in Transmutations
 40546 | Vaults:2 | Found a basalt altar of Yredelemnul.
 40742 | Vaults:2 | Reached skill level 15 in Shields
 41236 | Vaults:3 | Found a magical portal.
 41252 | WizLab   | Entered Cigotuvi's Fleshworks
 41303 | WizLab   | Gained mutation: You have hidden genetic defects.
                  | [mutagenic glow]
 41524 | WizLab   | Learned a level 2 spell: Passwall
 41560 | WizLab   | Got Cigotuvi's Omnibus of Profane Words
 42030 | WizLab   | Identified the ring "Ocurghoof" {Wiz rElec rC+ MP-9}
 42187 | WizLab   | Identified the staff of death "Xoanirid" {rElec rC++ rN+
                  | Str+4 Dex-5}
 42444 | WizLab   | Lost mutation: You have hidden genetic defects. [potion of
                  | mutation]
 42444 | WizLab   | Gained mutation: Your spells are a little easier to cast,
                  | but a little less powerful. [potion of mutation]
 42444 | WizLab   | Gained mutation: Your body sometimes deteriorates upon
                  | taking damage. [potion of mutation]
 42444 | WizLab   | Gained mutation: You passively dampen the noise of your
                  | surroundings. [potion of mutation]
 42445 | WizLab   | Lost mutation: You passively dampen the noise of your
                  | surroundings. [potion of mutation]
 42445 | WizLab   | Lost mutation: Your spells are a little easier to cast, but
                  | a little less powerful. [potion of mutation]
 42445 | WizLab   | Lost mutation: Your body sometimes deteriorates upon taking
                  | damage. [potion of mutation]
 42445 | WizLab   | Gained mutation: You expend magic power (3 MP) to
                  | strengthen your wands. [potion of mutation]
 42445 | WizLab   | Gained mutation: You are occasionally teleported next to
                  | monsters. [potion of mutation]
 42445 | WizLab   | Gained mutation: Your flesh is cold resistant. (rC+)
                  | [potion of mutation]
 42446 | WizLab   | Lost mutation: Your flesh is cold resistant. (rC+) [potion
                  | of mutation]
 42446 | WizLab   | Lost mutation: You expend magic power (3 MP) to strengthen
                  | your wands. [potion of mutation]
 42446 | WizLab   | Gained mutation: You occasionally lose the ability to read
                  | scrolls when taking damage. [potion of mutation]
 42446 | WizLab   | Gained mutation: Your flesh is cold resistant. (rC+)
                  | [potion of mutation]
 42447 | WizLab   | Lost mutation: Your flesh is cold resistant. (rC+) [potion
                  | of mutation]
 42447 | WizLab   | Lost mutation: You are occasionally teleported next to
                  | monsters. [potion of mutation]
 42447 | WizLab   | Gained mutation: You have a somewhat thin skeletal
                  | structure. (Dex +2, Stealth+) [potion of mutation]
 42447 | WizLab   | Gained mutation: You passively dampen the noise of your
                  | surroundings. [potion of mutation]
 42448 | WizLab   | Lost mutation: You have a somewhat thin skeletal structure.
                  | (Dex +2, Stealth+) [potion of mutation]
 42448 | WizLab   | Lost mutation: You occasionally lose the ability to read
                  | scrolls when taking damage. [potion of mutation]
 42448 | WizLab   | Gained mutation: Your spells are a little easier to cast,
                  | but a little less powerful. [potion of mutation]
 42448 | WizLab   | Gained mutation: You are strong-willed. (Will+) [potion of
                  | mutation]
 42822 | Vaults:3 | Reached XP level 21. HP: 69/114 MP: 22/31
 43155 | Vaults:3 | Identified the +0 scale mail of Wu Jian's Anger {rF++}
 43240 | Vaults:3 | Reached skill level 14 in Fighting
 43372 | Vaults:3 | Reached skill level 1 in Translocations
 43529 | Vaults:3 | Reached skill level 1 in Hexes
 44204 | Vaults:4 | Learned a level 4 spell: Fulminant Prism
 44209 | Vaults:4 | Learned a level 4 spell: Iskenderun's Mystic Blast
 45566 | Lair:4   | Killed turdburglar's ghost
 45577 | Lair:4   | Got Sif Muna's Thoughts on Injury
 45715 | Lair:5   | Killed Drunn's ghost
 45929 | Swamp:2  | Killed Roxanne
 47228 | Swamp:4  | Found a blossoming altar of Fedhas.
 47399 | Swamp:4  | Found a basalt altar of Yredelemnul.
 47851 | Swamp:4  | Got a decaying rune of Zot
 47947 | Lair:3   | Learned a level 2 spell: Blink
 49168 | Depths:1 | Entered Level 1 of the Depths
 49312 | Depths:1 | Found a radiant altar of Vehumet.
 49321 | Depths:1 | Identified the +0 hat of the Blind Marksman {-Cast rC++}
 49338 | Depths:1 | Identified the +1 robe of a sewer {*Slow rF- rCorr Int+8}
 49716 | Depths:1 | Reached XP level 22. HP: 103/121 MP: 35/35
 49753 | Depths:1 | Reached skill level 15 in Fighting
 50133 | Depths:1 | Found Piac's Book Emporium.
 50133 | Depths:1 | Found Ifeso's Jewellery Shop.
 50135 | Depths:1 | Found Offoh's Jewellery Shop.
 50158 | Depths:1 | Bought the ring of the Scavenger {rElec rC+ Int+3 Dex+7}
                  | for 1080 gold pieces
 50158 | Depths:1 | Bought the ring "Terral" {Fly rPois rF+ rN+} for 765 gold
                  | pieces
 50361 | Depths:1 | Found a one-way gateway to a ziggurat.
 50509 | Depths:1 | Found a gateway to Hell.
 50871 | Depths:2 | Reached skill level 5 in Hexes
 50875 | Depths:2 | Reached skill level 15 in Stealth
 50876 | Depths:2 | Reached skill level 5 in Translocations
 51411 | Depths:2 | Learned a level 3 spell: Confusing Touch
 51595 | Depths:2 | Noticed a golden dragon
 51661 | Depths:2 | Killed a golden dragon
 51684 | Depths:2 | Identified the ring of the Black Skies {*Corrode Str+5
                  | Dex+6}
 52061 | Depths:2 | Found a one-way gate leading to the halls of Pandemonium.
 52072 | Depths:2 | Noticed a juggernaut
 52156 | Depths:2 | Killed a juggernaut
 52444 | Depths:3 | Reached skill level 16 in Fighting
 52845 | Depths:3 | Reached XP level 23. HP: 128/128 MP: 37/37
 53174 | Depths:4 | Entered Level 4 of the Depths
 53278 | Depths:4 | Found a shadowy altar of Dithmenos.
 53340 | Depths:4 | Noticed a caustic shrike
 53340 | Depths:4 | Noticed a caustic shrike
 53340 | Depths:4 | Noticed a caustic shrike
 53340 | Depths:4 | Noticed a caustic shrike
 53349 | Depths:4 | Killed a caustic shrike
 53355 | Depths:4 | Killed a caustic shrike
 53355 | Depths:4 | Noticed a caustic shrike
 53366 | Depths:4 | Killed a caustic shrike
 53386 | Depths:4 | Killed a caustic shrike
 53388 | Depths:4 | Killed a caustic shrike
 53389 | Depths:4 | Reached skill level 10 in Spellcasting
 54551 | Depths:4 | Found a gate to the Realm of Zot.
 54858 | Elf:1    | Entered Level 1 of the Elven Halls
 54953 | Elf:1    | Reached skill level 17 in Fighting
 55146 | Elf:1    | Found Rialy's Book Shoppe.
 55153 | Elf:1    | Bought a book of Vapours for 416 gold pieces
 55159 | Elf:1    | Learned a level 5 spell: Freezing Cloud
 55530 | Elf:1    | Reached skill level 1 in Ice Magic
 55823 | Elf:1    | Learned a level 1 spell: Apportation
 55959 | Elf:2    | Found Faoqi's Distillery.
 55967 | Elf:2    | Bought a potion of haste for 170 gold pieces
 55967 | Elf:2    | Bought a potion of berserk rage for 85 gold pieces
 55967 | Elf:2    | Bought a potion of cancellation for 136 gold pieces
 55967 | Elf:2    | Bought a potion of berserk rage for 85 gold pieces
 56180 | Elf:2    | Found a runed translucent gate.
 56180 | Elf:2    | Found a runed translucent gate.
 56182 | Elf:2    | Found a runed translucent gate.
 56234 | Elf:3    | Entered Level 3 of the Elven Halls
 56236 | Elf:3    | Found Irinur's Antique Armour Boutique.
 56754 | Elf:3    | Reached XP level 24. HP: 132/136 MP: 33/39
 56945 | Elf:3    | Paralysed by an air elemental for 1 turns
 57206 | Elf:3    | Found a bloodstained altar of Trog.
 57860 | Elf:3    | Acquired 997 gold pieces
 58268 | Elf:3    | Identified the +4 great sword of Abycoote {speed, rPois rC+
                  | Str+3}
 58539 | Elf:3    | Identified the +10 short sword of the Fresh God {flame,
                  | rPois Str+5}
 58545 | Elf:3    | Got the Parchment of Stony Nonlocality
 58554 | Elf:3    | Learned a level 3 spell: Ozocubu's Armour
 58554 | Elf:3    | Identified the +1 chain mail of the Devil {rF- rC+ Str+2
                  | Dex+3}
 58558 | Elf:3    | Identified the staff of earth "Johioxeh" {rC- rCorr Int+8}
 58560 | Elf:3    | Identified the +1 pair of gloves "Humoeffo" {Dex+5}
 58599 | Elf:3    | Reached skill level 18 in Fighting
 58634 | Elf:3    | Identified the ring of Qoqaiwk {rPois rF+ EV+5}
 58641 | Elf:3    | Acquired 327 gold pieces
 58645 | Elf:3    | Identified the ring "Zeblelo" {*Corrode MP+9 Int+5 Stlth+}
 58666 | Elf:3    | Identified the ring of Xom's Wantonness {rElec Str-4 Int+2
                  | Dex+6 Stlth+}
 59196 | Elf:2    | Reached skill level 1 in Evocations
 59387 | Elf:2    | Reached skill level 5 in Ice Magic
 59744 | Crypt:1  | Entered Level 1 of the Crypt
 59789 | Crypt:1  | You are sucked into a shaft and drop 1 floor!
 59878 | Crypt:2  | Reached skill level 10 in Dodging
 60262 | Crypt:1  | Noticed Sojobo
 60282 | Crypt:1  | Paralysed by an air elemental for 1 turns
 60289 | Crypt:1  | Paralysed by an air elemental for 1 turns
 60294 | Crypt:1  | Paralysed by an air elemental for 1 turns
 60300 | Crypt:1  | Paralysed by an air elemental for 1 turns
 60308 | Crypt:1  | Paralysed by an air elemental for 1 turns
 60471 | Crypt:1  | Paralysed by an air elemental for 1 turns
 60480 | Crypt:1  | Paralysed by an air elemental for 1 turns
 60489 | Crypt:1  | Killed Sojobo
 61276 | Crypt:1  | Reached skill level 10 in Hexes
 62329 | Crypt:2  | Reached XP level 25. HP: 127/144 MP: 36/40
 62352 | Crypt:2  | Identified the +3 long sword of False Accusations {heavy,
                  | rElec Int+3}
 62811 | Crypt:2  | Identified the staff of conjuration "Unoir" {Int+3 Stlth+}
 62821 | Crypt:2  | Learned a level 5 spell: Yara's Violent Unravelling
 62837 | Crypt:2  | Identified the +1 pair of gloves "Omnux" {Drain rElec
                  | Will++}
 62946 | Crypt:3  | Entered Level 3 of the Crypt
 62946 | Crypt:3  | Found a staircase to the Tomb.
 63373 | Crypt:3  | Noticed Vv
 63446 | Crypt:3  | Killed Vv
 63470 | Crypt:3  | Reached skill level 19 in Fighting
 63599 | Crypt:3  | Identified the +0 cloak of Owequac {Harm Rampage rC+ Dex-2}
 64420 | Crypt:3  | Reached skill level 5 in Evocations
 65053 | Crypt:3  | Identified the ring of the First Yaks {*Corrode rPois rN+
                  | Will+ SInv}
 65053 | Crypt:3  | Identified the ring of Rifekh {rN+ Str+4}
 65077 | Crypt:3  | Identified the amulet of Xabaatit {Faith +Blink rC+++ Will-
                  | Int-2}
 65671 | D:4      | Bought a scroll of immolation for 40 gold pieces
 65671 | D:4      | Bought a scroll of torment for 95 gold pieces
 65970 | Slime:1  | Entered Level 1 of the Pits of Slime
 67252 | Slime:2  | You are sucked into a shaft and drop 2 floors!
 68054 | Slime:1  | Reached XP level 26. HP: 145/151 MP: 35/40
 68409 | Slime:5  | Entered Level 5 of the Pits of Slime
 68415 | Slime:5  | Gained mutation: You occasionally shout uncontrollably at
                  | your foes. [a shining eye]
 68433 | Slime:4  | Lost mutation: You passively dampen the noise of your
                  | surroundings. [potion of mutation]
 68433 | Slime:4  | Lost mutation: Your spells are a little easier to cast, but
                  | a little less powerful. [potion of mutation]
 68433 | Slime:4  | Gained mutation: You are frail. (-10% HP) [potion of
                  | mutation]
 68434 | Slime:4  | Lost mutation: You are strong-willed. (Will+) [potion of
                  | mutation]
 68434 | Slime:4  | Lost mutation: You occasionally shout uncontrollably at
                  | your foes. [potion of mutation]
 68435 | Slime:4  | Lost mutation: You are frail. (-10% HP) [potion of
                  | mutation]
 68435 | Slime:4  | Gained mutation: You have hidden genetic potential. [potion
                  | of mutation]
 68435 | Slime:4  | Gained mutation: Your flesh is heat resistant. (rF+)
                  | [potion of mutation]
 68435 | Slime:4  | Gained mutation: Your mind is acute. (Int +4, Str/Dex -1)
                  | [potion of mutation]
 68551 | Slime:5  | Gained mutation: Armour fits poorly on your strangely
                  | shaped body. [a shining eye]
 68805 | Slime:5  | Reached skill level 20 in Fighting
 68833 | Slime:5  | Noticed the Royal Jelly
 68844 | Slime:5  | Killed the Royal Jelly
 69271 | Slime:5  | Identified the +1 robe of Disguise {rC+}
 69274 | Slime:5  | Identified the +1 longbow "Junofibu" {drain, SInv}
 69276 | Slime:5  | Got a slimy rune of Zot
 69316 | Slime:5  | Got the Catalogue of Flinty Mortification
 69732 | Swamp:3  | Killed pleonasm's ghost
 70520 | Vaults:5 | Entered Level 5 of the Vaults
 70528 | Vaults:5 | Noticed Jory
 70650 | Vaults:5 | Killed Jory
 70737 | Vaults:5 | Noticed Xtahua
 70768 | Vaults:5 | Killed Xtahua
 70925 | Vaults:5 | Learned a level 4 spell: Passage of Golubria
 71251 | Vaults:5 | Identified the +9 glaive of the Neverending People
                  | {distort, Drain Int+3}
 71406 | Vaults:5 | Noticed a dread lich
 71443 | Vaults:5 | Killed a dread lich
 71710 | Vaults:5 | Noticed an ancient lich
 71755 | Vaults:5 | Killed an ancient lich
 71756 | Vaults:5 | Reached skill level 21 in Fighting
 71798 | Vaults:5 | Identified the staff of cold "Xuloc" {rPois rC+}
 71906 | Vaults:5 | Found Tiragoyze's Distillery.
 71907 | Vaults:5 | Identified the +6 morningstar of the Warrior-Mage {spect,
                  | rElec}
 71924 | Vaults:5 | Bought a potion of resistance for 100 gold pieces
 71924 | Vaults:5 | Bought 2 potions of might for 80 gold pieces
 71924 | Vaults:5 | Bought a potion of cancellation for 80 gold pieces
 71924 | Vaults:5 | Bought a potion of resistance for 100 gold pieces
 71924 | Vaults:5 | Bought a potion of resistance for 100 gold pieces
 71927 | Vaults:5 | Got a silver rune of Zot
 72370 | Vaults:5 | Reached XP level 27. HP: 148/159 MP: 33/40
 72412 | Vaults:5 | Identified the +4 quarterstaff "Jemorrue" {heavy, Str+4}
 72511 | Vaults:5 | Gained mutation: You are partially covered in iridescent
                  | scales. (AC +2) [hidden potential]
 72681 | Vaults:5 | Identified the +0 pair of gloves "Gozxof" {Rampage rElec
                  | Int-2 Dex+3}
 72876 | Vaults:5 | Learned a level 3 spell: Confusing Touch
 73192 | Zot:1    | Entered Level 1 of the Realm of Zot
 73207 | Zot:1    | Found Budduox's CLEARANCE SALE!.
 73212 | Zot:1    | Bought a potion of might for 28 gold pieces
 73360 | Zot:2    | Noticed Parghit
 73514 | Zot:1    | Killed Parghit
 73572 | Zot:3    | Reached skill level 10 in Ice Magic
 74209 | Zot:4    | Reached skill level 10 in Evocations
 74453 | Zot:5    | Entered Level 5 of the Realm of Zot
 74457 | Zot:5    | Found a transporter.
 74488 | Zot:5    | Found a transporter.
 74814 | Zot:5    | Found a transporter.
 74833 | Zot:5    | Identified the staff of fire "Sauxucs" {rPois rF+ Will-
                  | Str+5 Dex+2}
 74955 | Zot:5    | Found a transporter.
 75491 | Zot:5    | Identified the +0 pair of boots "Ruirig" {Will+}
 75577 | Zot:5    | Noticed an orb of fire
 75595 | Zot:5    | Killed an orb of fire
 75617 | Zot:5    | Noticed an orb of fire
 75639 | Zot:5    | Killed an orb of fire
 75640 | Zot:5    | Reached skill level 22 in Fighting
 75669 | Zot:5    | Noticed a dread lich
 75713 | Zot:5    | Killed a dread lich
 76131 | Zot:5    | Noticed an orb of fire
 76137 | Zot:5    | Got the Orb of Zot
 76700 | D:$      | Escaped with the Orb!

Illustrated notes

Levels and vault maps discovered:
D:1:      minmay_arrival_arboretum_small, layout_basic, serial_shops,
          nicolae_shop_tiny_statue_garden
D:2:      layout_loops_ring, serial_undead, serial_undead_f, serial_undead_c,
          serial_undead_e, serial_undead_c, minmay_cupped
D:3:      layout_loops_ring
D:4:      layout_basic, serial_shops, shop, shop, nicolae_shop_advertising_works
          [nicolae_subvault_shop_adworks], shop, nicolae_shop_waterfront
D:5:      layout_gridville, kennysheep_slug_shrine,
          gammafunk_ghost_abyssal_escape, minmay_misc_feat_x
D:6:      layout_basic, minitemple, ebering_ghost_rock_garden
D:7:      layout_rooms, grunt_temple_overflow_champion_of_chaos,
          minmay_temple_entry_ruins, guppyfry_early_elven_hall
D:8:      layout_loops_ring, fungi_pond_lemuel, uniq_grum
D:9:      layout_roguey [special_room_kobold], tso_altar, uniq_erica
D:10:     layout_basic, orc_0_dummy, minivault_25, minmay_misc_feat_plants,
          kennysheep_generic_room_2
D:11:     layout_basic, david_lair_generic, serial_glass, glass_columns_b,
          glass_columns_a, ebering_ghost_gozag, uniq_fannar, uniq_nergalle,
          uniq_sonja, uniq_maurice
D:12:     layout_loops_cross, due_unseen_surprise, uniq_kirke
D:13:     layout_roguey, uniq_jorgrun, uniq_josephine, uniq_lodul
D:14:     layout_basic, david_vaults_2, hangedman_decor_push, uniq_azrael,
          uniq_snorg, uniq_frances
D:15:     grunt_enter_depths_hoard, layout_loops_ring, chequers_decorated_corner
Lair:1:   layout_concentric_octagons
Lair:2:   layout_layer_cave, dummy_snake_entry, basic_altar, ice2_lemuel,
          lemuel_fruit_tree, serial_bayou_shore_a, serial_bayou_shore_b
Lair:3:   layout_regular_city, minmay_swamp_entry_wisps, grunt_megastairs_4,
          infiniplex_staircase_pool
Lair:4:   layout_gridlike, gammafunk_ghost_hive
Lair:5:   minmay_lair_end_enchanted_forest, layout_small_grid,
          dpeg_slime_entry_enclosed, maelrawn_ghost_gauntlet_escape,
          small_statue_intersection, grunt_megastairs_1
Swamp:1:  layout_falls_marsh, hangedman_swamp_ruin_wall, swamp_pool3
Swamp:2:  layout_falls_marsh, evilmike_swamp_ruin_house_2,
          hangedman_swamp_blocks, swamp_pool3, nicolae_swamp_frolicking_bunyips,
          uniq_roxanne
Swamp:3:  layout_basic_swamp, ebering_ghost_inner_flame, serial_swamp_ruin,
          evilmike_swamp_ruin_house_5, evilmike_swamp_ruin_house_6, uniq_mara
Swamp:4:  byrel_swamp_growth_death_and_undeath, layout_basic_swamp, swamp_pool2
Snake:1:  layout_basic, special_room, grunt_ministairs_11, grunt_megastairs_2
Snake:2:  minmay_snake_river, layout_grid_shapes
Snake:3:  layout_onion_interference
Snake:4:  johnstein_snake_rune_scales, layout_onion, grunt_megastairs_3,
          uniq_aizul
Slime:1:  layout_caves
Slime:2:  layout_caves, cheibrodos_slime_lost_civilization_4
Slime:3:  cheibrodos_slime_lost_civilization_9, layout_caves
Slime:4:  layout_caves
Slime:5
Orc:1:    layout_caves, serial_shops, shop, nicolae_orc_lava_room
Orc:2:    hellmonk_orc_salted, layout_diamond_mine, basic_altar, mines4_lemuel,
          uniq_urug, uniq_rupert, uniq_erolcha
Elf:1:    nicolae_elf_arrival_aired_out, layout_gridlike, serial_shops,
          nicolae_shop_statue_plus, kennysheep_underground_church,
          minmay_misc_feat_alley
Elf:2:    elven_hall_of_blades_hangedman_original
          [nicolae_blade_entry_diamond_columns], layout_geoelf_octagon,
          serial_shops, nicolae_shop_peninsula
Elf:3:    minmay_elf_hall_four_x, layout_loops_cross, serial_shops, shop,
          nicolae_elf_big_sculpture_3, evilmike_spriggan_trog_shrine
Vaults:1: nicolae_vaults_octagons, nicolae_vaults_specimen_jars, v_misc_9,
          nicolae_vaults_storage_room_water, vaults_room_fancy_cross,
          vaults_room_door_ring, v_misc_15, v_pattern_3,
          nicolae_vaults_hexular_roomagon, vaults_dpeg_encased_lava,
          hangedman_vaults_locks, nicolae_vaults_trapezoid_lopsided_2,
          layout_vaults_maze
Vaults:2: minmay_crypt_entry_necro_gods, v_rooms_6, vaults_dpeg_emergency_exit,
          nicolae_vaults_two_Ls, vaults_room_octagon,
          ontoclasm_vaults_loading_screen, hangedman_vaults_capsules,
          hangedman_vaults_hat, nicolae_vaults_variable_pillar_hall, v_misc_18,
          v_misc_16, nicolae_vaults_mini_display_case, hangedman_vaults_corner,
          nicolae_vaults_diamond_1, nicolae_vaults_little_guard_posts,
          layout_vaults_big_cross
Vaults:3: mu_enter_wizlab_2, vaults_mumra_lcd, v_misc_24, v_misc_18,
          hangedman_vaults_unwind, nicolae_vaults_stepped_doors, v_misc_14,
          nicolae_vaults_little_squares_4, layout_vaults_omnigrid
Vaults:4: nicolae_vaults_hexular_roomagon, nicolae_vaults_storage_room_glass,
          nicolae_vaults_little_squares_6, v_misc_26, v_misc_11, v_misc_19,
          ontoclasm_vaults_twist, dpeg_vaults_monster_box,
          layout_vaults_big_room
Vaults:5: uniq_xtahua, uniq_jory
Crypt:1:  layout_catacombs, grunt_crypt_arrival_split, uniq_sojobo
Crypt:2:  nicolae_crypt_knochenhaus, layout_misc_corridors, st_stairs_8
Crypt:3:  due_elkab, layout_chaotic_city, minmay_misc_feat_columns, uniq_vv
Depths:1: layout_cave_pools, enter_ziggurat_e, grunt_mini_vestibule,
          minmay_misc_feat_chi, minmay_stone_trees_medium, grunt_tower_of_power,
          minmay_shop_grove, firewood_loft
Depths:2: minmay_tri_box, layout_cave_pools, pan_entry, abyss_entry, hell_entry,
          chequers_serial_rivers_micro_c, grunt_ministairs_13
Depths:3: kennysheep_room_grid, layout_cave_pools, minmay_fountain_box,
          hell_entry, hangedman_abyss_entry_splay, infiniplex_staircase_zigzag_1
Depths:4: grunt_zot_entry_bicorn, layout_gridville, hangedman_coc_ice_floe,
          minmay_room_of_horrors, basic_altar
Zot:1:    layout_basic, nicolae_shop_clearance
Zot:2:    hellmonk_paralyzer, layout_cathedral_of_symmetry, uniq_grunn,
          uniq_parghit
Zot:3:    lemuel_draconian_sentries_small, layout_basic, grunt_ministairs_13
Zot:4:    layout_misc_corridors
Zot:5:    layout_gridlike, nicolae_diode_intersection

Skill      XL: |  1  2  3  4  5  6  7  8  9 10 11 12 13 14 15 16 17 18 19 20 21 22 23 24 25 26 27 |
---------------+----------------------------------------------------------------------------------+-----
Stealth        | 3 4 6 7 8 10 11 13 14 15 | 15.0
Conjurations   | 2 3 4 7 8 9 10 12 | 12.0
Short Blades   | 1 3 5 7 8 10 | 10.0
Spellcasting   | 3 4 5 6 8 9 11 12 | 12.0
Air Magic      | 4 5 7 8 9 10 11 12 | 12.0
Fighting       | 2 4 5 6 8 9 10 11 12 13 14 16 17 18 19 21 22 | 22.3
Shields        | 1 4 5 7 9 10 11 12 14 15 | 15.3
Armour         | 1 3 5 6 7 8 9 10 11 12 | 12.7
Dodging        | 2 4 5 7 8 9 10 11 12 14 | 14.4
Poison Magic   | 1 6 7 8 |  8.0
Transmutations | 4 6 7 8 9 11 12 | 12.0
Translocations | 4 6 8 |  8.0
Hexes          | 4 6 8 10 11 12 | 12.0
Ice Magic      | 2 6 8 9 10 | 10.0
Evocations     | 3 6 8 11 | 11.7

Action                     |  1- 3 |  4- 6 |  7- 9 | 10-12 | 13-15 | 16-18 | 19-21 | 22-24 | 25-27 || total
---------------------------+-------+-------+-------+-------+-------+-------+-------+-------+-------++-------
  Melee: Dagger            |     4 |    72 |   221 |  1202 |  2165 |  2684 |  2429 |  2468 |  3346 || 14591
         Bite              |     2 |    31 |    84 |   545 |  1025 |  1323 |  1437 |  1414 |  2116 ||  7977
         Punch             |       |     1 |     3 |    10 |       |       |       |       |       ||    14
   Fire: Sling             |       |       |       |    48 |    16 |       |       |       |       ||    64
  Throw: Dart              |       |       |       |     3 |       |     1 |       |       |       ||     4
   Cast: Shock             |    75 |    45 |   127 |    71 |    27 |    35 |    17 |     3 |       ||   400
         Static Discharge  |       |     8 |     9 |    24 |     8 |     9 |     2 |       |       ||    60
         Mephitic Cloud    |       |       |       |       |    53 |    39 |   120 |    82 |     8 ||   302
         Swiftness         |       |       |       |       |     3 |       |     2 |     2 |     1 ||     8
         Airstrike         |       |       |       |       |       |    82 |    32 |     5 |    27 ||   146
         Passwall          |       |       |       |       |       |       |    10 |     3 |       ||    13
         Wereblood         |       |       |       |       |       |       |     4 |     2 |       ||     6
         Fulminant Prism   |       |       |       |       |       |       |    27 |     7 |     7 ||    41
         Irradiate         |       |       |       |       |       |       |     4 |    55 |    64 ||   123
         Iskenderun's Myst |       |       |       |       |       |       |     1 |    17 |     7 ||    25
         Confusing Touch   |       |       |       |       |       |       |       |     1 |       ||     1
         Freezing Cloud    |       |       |       |       |       |       |       |    80 |    84 ||   164
         Ozocubu's Armour  |       |       |       |       |       |       |       |     1 |     7 ||     8
         Yara's Violent Un |       |       |       |       |       |       |       |       |     9 ||     9
 Invoke: Serpent's Lash    |       |       |       |     1 |    11 |     2 |    13 |     6 |     7 ||    40
Ability: Lunge             |       |       |    22 |    68 |   114 |   160 |   151 |   152 |   188 ||   855
         Whirlwind         |       |       |     1 |    38 |   119 |    82 |   168 |   132 |   225 ||   765
         Wall Jump         |       |       |       |       |     1 |       |     1 |       |       ||     2
  Evoke: Wand              |       |       |     1 |     2 |    11 |    24 |    17 |     2 |    14 ||    71
    Use: Scroll            |     2 |     6 |     4 |    10 |    10 |    17 |     6 |    14 |    27 ||    96
         Potion            |       |       |       |     5 |       |     2 |     9 |     1 |    20 ||    37
   Stab: Sleeping          |       |       |     4 |    24 |    36 |    17 |    48 |    62 |    76 ||   267
         Distracted        |       |       |       |     1 |     6 |     5 |     8 |     9 |     7 ||    36
         Confused          |       |       |       |       |    60 |    37 |   145 |    74 |     9 ||   325
         Paralysed         |       |       |       |       |     1 |       |     1 |     1 |       ||     3
         Invisible         |       |       |       |       |       |       |     5 |       |    16 ||    21
 Armour: Robe              |     3 |    13 |    17 |    39 |       |       |       |       |       ||    72
         Acid dragon scale |       |       |       |    76 |   153 |    16 |    10 |   283 |   358 ||   896
         Chain mail        |       |       |       |       |       |   185 |       |       |       ||   185
         Ring mail         |       |       |       |       |       |    55 |     2 |       |       ||    57
         Scale mail        |       |       |       |       |       |    58 |   197 |       |       ||   255
  Dodge: Dodged            |     9 |    29 |   102 |   329 |   457 |   454 |   249 |   415 |   528 ||  2572
  Block: Buckler           |       |       |       |    80 |    51 |       |       |       |       ||   131
         Kite shield       |       |       |       |       |   467 |  1266 |   874 |  1061 |  1317 ||  4985
         Reflection        |       |       |       |       |       |   127 |    62 |    58 |    43 ||   290
